 Dungeon Crawl Stone Soup version 0.31-a0-543-geaa9c7a2c0 (webtiles) character file.

Game seed: 15816544667825332046

2338 AdnanSaban the Basher (level 9, -3/56 HPs)
             Began as a Gargoyle Fighter on Aug 15, 2023.
             Was an Initiate of Okawaru.
             Slain by an orc warrior
             ... wielding a +0 battleaxe
              (6 damage)
             ... on level 6 of the Dungeon.
             The game lasted 00:08:13 (5614 turns).

AdnanSaban the Basher (Gargoyle Fighter)            Turns: 5614, Time: 00:08:14

Health: -3/56      AC: 20    Str: 25    XL:     9   Next: 43%
Magic:  9/9        EV:  6    Int:  8    God:    Okawaru [......]
Gold:   298        SH:  9    Dex:  9    Spells: 8/8 levels left

rFire   . . .        D - +1 morningstar (freeze)
rCold   . . .        B - +0 kite shield
rNeg    + . .        u - +0 plate armour
rPois   ∞            s - +0 helmet
rElec   +            (no cloak)
rCorr   .            (no gloves)
SInv    .            (no boots)
Will    .....        l - amulet of regeneration Stlth
                     (no ring)
HPRegen 1.09/turn    (no ring)
MPRegen 0.11/turn

%: no passive effects
@: no status effects
A: sickness immunity, AC +6, negative energy resistance 1, electricity
resistance, torment resistance 1, petrification resistance
a: Renounce Religion


You were on level 6 of the Dungeon.
You worshipped Okawaru.
Okawaru was noncommittal.
You visited 2 branches of the dungeon, and saw 8 of its levels.

You collected 298 gold pieces.

Inventory:

Hand Weapons
 D - a +1 morningstar of freezing (weapon)
Missiles
 g - 30 poisoned darts
 H - 8 boomerangs (quivered)
Armour
 s - a +0 helmet (worn)
 u - a +0 plate armour (worn)
 B - a +0 kite shield (worn)
Jewellery
 l - an amulet of regeneration (around neck)
 C - a ring of ice
Wands
 r - a wand of polymorph (8)
 K - a wand of paralysis (11)
Scrolls
 b - 2 scrolls of poison {unknown}
 c - 2 scrolls of vulnerability {unknown}
 e - 2 scrolls of revelation {unknown}
 i - 3 scrolls of identify {unknown}
 k - a scroll of fear {unknown}
 m - a scroll of brand weapon {unknown}
 o - 4 scrolls of teleportation {unknown}
 p - 2 scrolls of immolation {unknown}
 t - a scroll of torment {unknown}
 v - 2 scrolls of noise {unknown}
 w - 2 scrolls of enchant armour {unknown}
 y - 3 scrolls of blinking {unknown}
 E - a scroll of amnesia {unknown}
 F - a scroll of fog {unknown}
Potions
 a - a potion of curing {unknown}
 d - 2 potions of might
 f - a potion of cancellation {unknown}
 h - 3 potions of resistance {unknown}
 j - 2 potions of brilliance {unknown}
 n - a potion of degeneration {unknown}
 q - a potion of heal wounds {unknown}
 x - 2 potions of attraction {unknown}
 z - a potion of invisibility {unknown}
 A - 2 potions of mutation {unknown}
 G - a potion of enlightenment {unknown}
 I - a potion of lignification {unknown}
 J - a potion of haste {unknown}


   Skills:
 + Level 6.6 Fighting
 + Level 8.1 Maces & Flails
 + Level 0.7 Throwing
 + Level 6.9 Armour
 + Level 1.2 Dodging
 + Level 0.5 Stealth
 + Level 6.4 Shields


You had 8 spell levels left.
You didn't know any spells.
Your spell library contained the following spells:

 Spells                   Type           Power      Damage    Failure   Level
 Apportation              Tloc           0%         N/A       100%        1
 Necrotise                Necr           0%         1d4       100%        1
 Sandblast                Erth           0%         2d4       100%        1
 Shock                    Conj/Air       0%         1d3       100%        1
 Passwall                 Tmut/Erth      0%         N/A       100%        2
 Wereblood                Tmut           0%         N/A       100%        2
 Ignite Poison            Fire/Tmut/Pois 0%         N/A       100%        3
 Stone Arrow              Conj/Erth      0%         3d7       100%        3
 Swiftness                Air            0%         N/A       100%        3
 Airstrike                Air            0%         2d(0-16)  100%        4
 Freezing Cloud           Conj/Ice/Air   0%         6-21      100%        5
 Irradiate                Conj/Tmut      0%         3d11      100%        5
 Lehudib's Crystal Spear  Conj/Erth      0%         10d2      100%        8
 Summon Small Mammal      Summ           Unusable   N/A       N/A         1
 Cigotuvi's Dreadful Rot  Necr/Pois/Air  Unusable   N/A       N/A         2
 Animate Armour           Summ/Erth      Unusable   N/A       N/A         4

Dungeon Overview and Level Annotations

Branches:
Dungeon (7/15)             Temple (1/1) D:5

Altars:
Ashenzari
Cheibriados
Dithmenos
Elyvilon
Fedhas
Gozag
Hepliaklqana
Kikubaaqudgha
Makhleb
Nemelex Xobeh
Okawaru
Qazlal
Ru
Sif Muna
Trog
Uskayaw
Vehumet
Wu Jian
Xom
Yredelemnul
Zin
The Shining One

Shops:
D:4 (=?*   D:5 [

Annotations:
D:5 1 runed translucent door, Gargoyl's ghost, novice GrBe


Innate Abilities, Weirdness & Mutations

You are immune to sickness and miasma.
Your stone body is resilient. (AC +6)
You are immune to poison.
You resist negative energy. (rN+)
You are resistant to electric shocks. (rElec)
You are resistant to unholy torment.
You are immune to petrification.


Message History

You block the orc's attack. Something hits you but does no damage.
The orc warrior hits you but does no damage.
You barely miss the orc warrior.
The orc warrior is almost dead.
Something hits you but does no damage. You block the orc warrior's attack.
You block the orc's attack. The orc hits you but does no damage.
You barely miss the orc warrior.
The orc warrior is almost dead.
Something hits you but does no damage.
The orc warrior hits you with a +0 battleaxe.
* * * LOW HITPOINT WARNING * * *
The orc barely misses you. You block the orc's attack.
You closely miss the orc warrior.
The orc warrior is almost dead.
An orc wizard appears from thin air!
Reactivating autopickup.
The orc wizard points at you and mumbles some strange words.
You easily resist.
The orc warrior barely misses you. You block the orc's attack.
The orc hits you but does no damage.
You barely miss the orc wizard.
The orc wizard is heavily wounded.
You block the orc's attack.
The orc wizard hits you but does no damage.
The orc warrior closely misses you. You block the orc's attack.
You closely miss the orc wizard.
The orc wizard is heavily wounded.
You block the orc's attack.
The orc wizard hits you but does no damage.
The orc warrior barely misses you. You block the orc's attack.
You miss the orc wizard.
The orc wizard is heavily wounded.
The orc hits you but does no damage. You block the orc wizard's attack.
The orc warrior hits you with a +0 battleaxe.
* * * LOW HITPOINT WARNING * * *
The orc hits you with a +0 club.
* * * LOW HITPOINT WARNING * * *
The orc hits you but does no damage. The orc closely misses you.
The orc wizard hits you but does no damage.
The orc warrior hits you with a +0 battleaxe.
You die...

.....)# #<..'.# ...##.#
#...#.# #..###########.#
#..............# ##########
#.############## #........#
#............# #........#
##......#.#### #####........#
##......#.#######o...........#
##.............o@o..)........#
#####'#####...##.o...........#
# #.# #...##.............# ##
#.#####...##.....######### .#
#.....#...##....[# .#
##........##.....# ###
#.......###.....#
#.####.......# #.#####
#....'.......# #.#


You could see an orc warrior, an orc wizard and 2 orcs.

Vanquished Creatures
  Sigmund (D:3)
  Eustachio (D:6)
  An acid dragon (D:6)
  An orc warrior (D:5)
  An ice beast (D:5)
  A black bear (D:6)
  An ogre (D:5)
  2 centaurs
  3 phantoms
  A kobold brigand (D:5)
  A bullfrog (D:6)
  6 scorpions
  A howler monkey (D:6)
  4 hounds
  4 orc priests
  A sleepcap (D:6)
  3 orc wizards
  4 iguanas (D:5)
  Robin (D:1)
  4 gnolls (D:6)
  3 adders
  A shadow imp (D:6)
  2 worms (D:3)
  3 dart slugs
  28 orcs
  9 ball pythons
  7 endoplasms
  5 giant cockroaches
  23 goblins
  12 hobgoblins
  A quokka (D:5)
  6 bats
  4 frilled lizards
  20 kobolds
166 creatures vanquished.

Notes
Turn   | Place    | Note
-------+----------+-------------------------------------------
     0 | D:1      | AdnanSaban the Gargoyle Fighter began the quest for the
                  | Orb.
     0 | D:1      | Reached XP level 1. HP: 14/14 MP: 1/1
   265 | D:1      | Reached XP level 2. HP: 14/19 MP: 2/2
   752 | D:1      | Found a faded altar of an unknown god.
  1014 | D:2      | Reached XP level 3. HP: 23/24 MP: 3/3
  1100 | D:2      | Noticed Robin
  1132 | D:1      | Killed Robin
  1249 | D:2      | Reached XP level 4. HP: 29/29 MP: 4/4
  1290 | D:2      | Reached skill level 3 in Maces & Flails
  1847 | D:3      | Noticed Sigmund
  1858 | D:3      | Killed Sigmund
  1859 | D:3      | Reached skill level 4 in Maces & Flails
  1859 | D:3      | Reached XP level 5. HP: 23/34 MP: 5/5
  1859 | D:3      | Reached XP level 6. HP: 26/39 MP: 6/6
  2307 | D:3      | Found a basalt altar of Yredelemnul.
  2883 | D:4      | Reached skill level 5 in Maces & Flails
  2883 | D:4      | Reached XP level 7. HP: 44/44 MP: 7/7
  3093 | D:4      | Reached skill level 5 in Fighting
  3336 | D:4      | Found Roujeic's Magic Scroll Emporium.
  3336 | D:4      | Found Hurahac's Assorted Antiques.
  3336 | D:4      | Found Naciek's Jewellery Emporium.
  3340 | D:4      | Found Zoluxeuro's Weapon Emporium.
  3418 | D:5      | Entered Level 5 of the Dungeon
  3423 | D:5      | Reached skill level 5 in Armour
  3423 | D:5      | Reached skill level 1 in Dodging
  3471 | D:5      | Reached XP level 8. HP: 32/49 MP: 8/8
  3501 | D:5      | Found a staircase to the Ecumenical Temple.
  3596 | Temple   | Entered the Ecumenical Temple
  3745 | D:5      | Reached skill level 6 in Maces & Flails
  3745 | D:5      | Reached skill level 5 in Shields
  3877 | D:5      | Found a runed translucent door.
  3878 | D:5      | Noticed Gargoyl's ghost (novice GrBe)
  4064 | D:5      | Found a burning altar of Makhleb.
  4236 | D:5      | Found Wyittunn's Armour Emporium.
  4354 | D:5      | Found a white marble altar of Elyvilon.
  4578 | D:5      | Found a hazy altar of Hepliaklqana.
  4730 | D:6      | Reached skill level 7 in Maces & Flails
  4736 | D:6      | Found a shimmering blue altar of Sif Muna.
  4928 | D:6      | Reached XP level 9. HP: 43/56 MP: 9/9
  5086 | D:6      | Noticed Eustachio
  5103 | D:6      | Killed Eustachio
  5104 | D:6      | Reached skill level 8 in Maces & Flails
  5231 | D:6      | Found an iron altar of Okawaru.
  5293 | D:6      | Became a worshipper of Warmaster Okawaru
  5614 | D:6      | Slain by an orc warrior

Illustrated notes

Levels and vault maps discovered:
D:1:      dpeg_arrival_rhombi, layout_basic, dreamdust_ecumenical_altar_statues,
          minmay_tall_x
D:2:      minmay_door_path, layout_basic, serial_aquarium,
          aquarium_bridge_square [aquarium_subvault_bridge,
          aquarium_subvault_wall, aquarium_subvault_window,
          aquarium_subvault_bridge], aquarium_bridge_straight
          [aquarium_subvault_bridge, aquarium_subvault_wall,
          aquarium_subvault_bridge, aquarium_subvault_wall], aquarium_window_2,
          aquarium_window_2, aquarium_window_1, aquarium_view_2f, uniq_robin
D:3:      layout_basic, amcnicky_altar_gilded, serial_forest,
          infiniplex_forest_clump_double, infiniplex_forest_end_2,
          infiniplex_forest_end_3, infiniplex_forest_lined_3,
          infiniplex_forest_lined_room_2, infiniplex_forest_clump_small,
          uniq_sigmund
D:4:      layout_gridville, minmay_shop_grid_forest
D:5:      layout_loops_ring, mainiacjoe_overflow_swirl,
          nicolae_overflow_crystal_walls, minmay_temple_entry_nine_rooms,
          gammafunk_ghost_grave, serial_shops, nicolae_shop_waterfront,
          nicolae_nh_ransacked_shop
D:6:      layout_basic, led_sif_book, okawaru_altar_gauntlet_db,
          hangedman_decor_lopped, uniq_eustachio
D:7:      layout_cave_pools, uniq_jeremiah
Temple:   nicolae_temple_x_marks_the_god

Skill      XL: |  1  2  3  4  5  6  7  8  9 |
---------------+----------------------------+-----
Fighting       | 4 5 6 |  6.6
Maces & Flails | 4 5 7 8 |  8.1
Armour         | 4 5 6 |  6.9
Shields        | 4 5 6 |  6.4
Dodging        | 1 |  1.2
Throwing       | |  0.7
Stealth        | |  0.5

Action                     |  1- 3 |  4- 6 |  7- 9 || total
---------------------------+-------+-------+-------++-------
  Melee: Flail             |   111 |   191 |   171 ||   473
         Unarmed           |     8 |       |       ||     8
         Morningstar       |       |       |   162 ||   162
  Throw: Dart              |       |       |     7 ||     7
         Boomerang         |       |       |    29 ||    29
 Armour: Chain mail        |    73 |   107 |       ||   180
         Scale mail        |     8 |       |       ||     8
         Skin              |     2 |       |       ||     2
         Plate armour      |       |    33 |   331 ||   364
  Dodge: Dodged            |    43 |    75 |   126 ||   244
  Block: Buckler           |    23 |    53 |     8 ||    84
         Kite shield       |       |       |   220 ||   220

Table legend: (Time is in decaauts)
 A = Elapsed time spent in this place.
 B = Non-inter-level travel time spent in this place.
 C = Inter-level travel time spent in this place.
 D = Time resting spent in this place.
 E = Time spent auto-exploring this place.
 F = Levels seen in this place.
 G = Mean time per level.
                   A        B        C        D        E       F      G
               +--------+--------+--------+--------+--------+-----+--------+
         Total |   5778 |   5433 |    345 |     11 |   3853 |   8 |  722.2 |
       Dungeon |   5777 |   5432 |    345 |     11 |   3853 |   7 |  825.3 |
        Temple |      1 |      1 |      0 |      0 |      0 |   1 |    1.0 |
               +--------+--------+--------+--------+--------+-----+--------+

Top non-repeatable levels by time:
     D:5: 1284 daAuts
     D:2: 1021 daAuts
     D:3: 1002 daAuts
     D:6: 916 daAuts
     D:1: 873 daAuts
     D:4: 654 daAuts
     D:7: 24 daAuts
  Temple: 1 daAuts
